 Dungeon Crawl Stone Soup version 0.28.0-45-g0d030f2227 (webtiles) character file.

Game seed: 15125013145437754444

74 Ablot the Grasshopper (level 4, -2/38 HPs)
             Began as a Gnoll Warper on Apr 1, 2022.
             Slain by a phantom (6 damage)
             ... on level 3 of the Dungeon.
             The game lasted 00:01:47 (2343 turns).

Ablot the Grasshopper (Gnoll Warper)                Turns: 2343, Time: 00:01:48

Health: -2/38      AC:  3    Str: 13    XL:     4   Next: 30%
Magic:  11/11      EV: 12    Int: 12    God:
Gold:   70         SH:  0    Dex: 11    Spells: 11/13 levels left

rFire   . . .      SeeInvis .   a - +0 spear
rCold   . . .      Faith    .   (no shield)
rNeg    . . .      Spirit   .   b - +0 leather armour
rPois   .          Reflect  .   (no helmet)
rElec   .          Harm     .   (no cloak)
rCorr   .          Rampage  .   (no gloves)
Will    .....                   (no boots)
Stlth   +.........              (no amulet)
HPRegen 0.12/turn               (no ring)
MPRegen 0.12/turn               (no ring)

@: no status effects
A: fangs 1, strong nose, distributed training
a: no special abilities


You were on level 3 of the Dungeon.
You visited 1 branch of the dungeon, and saw 3 of its levels.

You collected 70 gold pieces.

Inventory:

Hand Weapons
 a - a +0 spear (weapon)
Missiles
 d - 5 boomerangs of dispersal
 e - 27 stones (quivered)
 k - 22 arrows
 m - 8 poisoned darts
Armour
 b - a +0 leather armour (worn)
Jewellery
 j - a ring of see invisible
Scrolls
 c - a scroll of blinking
 g - a scroll of noise {unknown}
 h - a scroll of identify {unknown}
 l - a scroll of enchant armour {unknown}
 o - a scroll of enchant weapon {unknown}
 p - a scroll of teleportation {unknown}
Potions
 f - a potion of might {unknown}
 i - a potion of degeneration {unknown}
 n - a potion of haste {unknown}


   Skills:
 + Level 4.6 Fighting
 + Level 1.1 Short Blades
 + Level 1.1 Long Blades
 + Level 1.1 Axes
 + Level 1.1 Maces & Flails
 + Level 4.6 Polearms
 + Level 1.1 Staves
 + Level 1.1 Slings
 + Level 1.1 Bows
 + Level 1.1 Crossbows
 + Level 2.7 Throwing
 + Level 2.7 Armour
 + Level 4.6 Dodging
 + Level 1.1 Stealth
 + Level 1.1 Shields
 + Level 1.1 Unarmed Combat
 + Level 5.0 Spellcasting
 + Level 0.8 Conjurations
 + Level 0.8 Hexes
 + Level 0.8 Summonings
 + Level 0.8 Necromancy
 + Level 5.4 Translocations
 + Level 0.8 Transmutations
 + Level 0.8 Fire Magic
 + Level 0.8 Ice Magic
 + Level 0.8 Air Magic
 + Level 0.8 Earth Magic
 + Level 0.8 Poison Magic
 + Level 1.2 Invocations
 + Level 1.1 Evocations


You had 11 spell levels left.
You knew the following spells:

 Your Spells              Type           Power      Damage    Failure   Level
a - Blink                 Tloc           32%        N/A       4%          2

Your spell library contained the following spells:

 Spells                   Type           Power      Damage    Failure   Level
 Gell's Gravitas          Tloc           16%        N/A       8%          3
 Lesser Beckoning         Tloc           16%        N/A       8%          3
 Teleport Other           Tloc           16%        N/A       8%          3
 Manifold Assault         Tloc           16%        N/A       58%         5


Dungeon Overview and Level Annotations

Branches:
Dungeon (3/15)

Altars:


Innate Abilities, Weirdness & Mutations

You have very sharp teeth.
Your uncanny sense of smell can sniff out nearby items.
Your experience applies equally to all skills.


Message History

Press: ? - help, Q - select action, (/) - cycle Shift-Dir - straight line, f - phantom
Aim: a phantom (48% to hit)
You throw a stone. The stone barely misses the phantom.
Unknown command.
Throw: 29 stones
Press: ? - help, Q - select action, (/) - cycle Shift-Dir - straight line, f/p - phantom
Aim: a phantom (48% to hit)
You throw a stone.
The stone hits the phantom but does no damage.
Throw: 28 stones
Press: ? - help, Q - select action, (/) - cycle Shift-Dir - straight line, f/p - phantom
Aim: a phantom (48% to hit)
You throw a stone. The stone barely misses the phantom.
Unknown command.
You hit the phantom. Your bite misses the phantom.
The phantom is lightly damaged.
You hit the phantom.
The phantom is lightly damaged.
The phantom hits you.
The phantom blinks!
You blink.
You hit the phantom but do no damage. Your bite misses the phantom.
The phantom is lightly damaged.
The phantom hits you!
You barely miss the phantom.
The phantom is lightly damaged.
The phantom hits you.
You closely miss the phantom.
The phantom is lightly damaged.
The phantom barely misses you.
You hit the phantom but do no damage.
The phantom is lightly damaged.
The phantom hits you!
* * * LOW HITPOINT WARNING * * *
You completely miss the phantom.
The phantom is lightly damaged.
The phantom hits you!
* * * LOW HITPOINT WARNING * * *
You closely miss the phantom.
The phantom is lightly damaged.
The phantom hits you.
You die...

## # ... # .#....
..####...... #.#W....(...
..# #^#.@....... #...#
##.#.##.#..## #...#
#.......# # ...
##....(..#..# #.#
##...#..<....#
##.#######....).####.....
#.......##............###
....##...#.>...#.###.##
.......#.##...#...#


You could see a phantom.

Vanquished Creatures
  2 adders (D:2)
  A gnoll (D:2)
  A dart slug (D:1)
  2 orcs (D:3)
  6 endoplasms
  A giant cockroach (D:1)
  5 goblins
  2 hobgoblins (D:1)
  2 jackals (D:2)
  3 kobolds
  2 quokkas
  A ball python (D:2)
  7 bats
  4 frilled lizards
  4 rats
43 creatures vanquished.

Notes
Turn   | Place    | Note
-------+----------+-------------------------------------------
     0 | D:1      | Ablot the Gnoll Warper began the quest for the Orb.
     0 | D:1      | Reached XP level 1. HP: 20/20 MP: 6/6
    82 | D:1      | Found a faded altar of an unknown god.
   155 | D:1      | Reached XP level 2. HP: 26/26 MP: 7/7
   161 | D:1      | Learned a level 2 spell: Blink
   907 | D:2      | Reached XP level 3. HP: 24/31 MP: 9/9
  1041 | D:2      | Reached skill level 5 in Spellcasting
  1247 | D:2      | Reached skill level 1 in Invocations
  1456 | D:2      | Reached skill level 1 in Short Blades
  1456 | D:2      | Reached skill level 1 in Long Blades
  1456 | D:2      | Reached skill level 1 in Axes
  1456 | D:2      | Reached skill level 1 in Maces & Flails
  1456 | D:2      | Reached skill level 1 in Staves
  1456 | D:2      | Reached skill level 1 in Slings
  1456 | D:2      | Reached skill level 1 in Bows
  1456 | D:2      | Reached skill level 1 in Crossbows
  1456 | D:2      | Reached skill level 1 in Stealth
  1456 | D:2      | Reached skill level 1 in Shields
  1456 | D:2      | Reached skill level 1 in Unarmed Combat
  1456 | D:2      | Reached skill level 1 in Evocations
  1515 | D:2      | Reached XP level 4. HP: 32/38 MP: 11/11
  2331 | D:3      | Noticed a phantom
  2343 | D:3      | Slain by a phantom

Illustrated notes

Levels and vault maps discovered:
D:1:      dpeg_arrival_simpleton_a, layout_loops_ring, basic_ecumenical_altar
D:2:      minmay_diamond_boxcup, layout_rooms
D:3:      layout_loops_cross, minmay_ogre_servants

Skill      XL: |  1  2  3 |
---------------+----------+-----
Spellcasting   | 5 |  5.0
Invocations    | 1 |  1.2
Short Blades   | 1 |  1.1
Long Blades    | 1 |  1.1
Axes           | 1 |  1.1
Maces & Flails | 1 |  1.1
Staves         | 1 |  1.1
Slings         | 1 |  1.1
Bows           | 1 |  1.1
Crossbows      | 1 |  1.1
Stealth        | 1 |  1.1
Shields        | 1 |  1.1
Unarmed Combat | 1 |  1.1
Evocations     | 1 |  1.1
Fighting       | |  4.6
Polearms       | |  4.6
Throwing       | |  2.7
Armour         | |  2.7
Dodging        | |  4.6
Conjurations   | |  0.8
Hexes          | |  0.8
Summonings     | |  0.8
Necromancy     | |  0.8
Translocations | |  5.4
Transmutations | |  0.8
Fire Magic     | |  0.8
Ice Magic      | |  0.8
Air Magic      | |  0.8
Earth Magic    | |  0.8
Poison Magic   | |  0.8

Action                   |  1- 3 |  4- 6 || total
-------------------------+-------+-------++-------
Melee: Spear             |   126 |    66 ||   192
       Bite              |     8 |     9 ||    17
       Punch             |     1 |       ||     1
Throw: Stone             |     3 |     3 ||     6
 Stab: Sleeping          |     3 |     1 ||     4
Armor: Leather armour    |    28 |    18 ||    46
Dodge: Dodged            |    71 |    35 ||   106
